 Dungeon Crawl Stone Soup version 0.20.1-1-g8b1a95d (webtiles) character file.

10 tidbits the Insei (level 2, -4/22 HPs)
             Began as a Demigod Transmuter on Aug 11, 2017.
             Slain by Natasha (5 damage)
             ... on level 2 of the Dungeon.
             The game lasted 00:02:58 (373 turns).

tidbits the Insei (Demigod Transmuter)               Turns: 373, Time: 00:02:59

Health: -4/22      AC:  3    Str: 13    XL:     2   Next: 0%
Magic:  7/7        EV: 12    Int: 17    God:
Gold:   15         SH:  0    Dex: 16    Spells: 3/4 levels left

rFire    . . .     SeeInvis .   a - +0 short sword
rCold    . . .     Gourm    .   (no shield)
rNeg     . . .     Faith    .   B - +0 leather armour
rPois    .         Spirit   .   (no helmet)
rElec    .         Reflect  .   (no cloak)
rCorr    .         Harm     .   (no gloves)
MR       .....                  (boots currently unavailable)
Stlth    ++........             (no amulet)
Regen    0.1/turn               (no ring)
MPRegen  0.1/turn               (no ring)

@: appendage (expiring), slowed, very slow
A: talons 3, high mp 1
a: End Transformation


You were on level 2 of the Dungeon.
You were not hungry.
You had grown temporary talons.
You visited 1 branch of the dungeon, and saw 2 of its levels.

You collected 15 gold pieces.

Inventory:

Hand Weapons
 a - a +0 short sword (weapon)
Missiles
 g - 34 arrows
Armour
 b - a +0 robe
 B - a +0 leather armour (worn)
Scrolls
 e - a scroll of identify {unknown}
Books
 c - a book of Changes

   Spells                             Type                      Level
   a - Beastly Appendage              Transmutation                1
   b - Sticks to Snakes               Transmutation                2
   c - Spider Form                    Transmutation/Poison         3
   d - Ice Form                       Ice/Transmutation            4
   e - Blade Hands                    Transmutation                5
Comestibles
 d - a bread ration
 h - 2 meat rations


   Skills:
 - Level 0.8 Fighting
 - Level 1.7 Dodging
 + Level 1.3 Stealth
 + Level 2.9 Unarmed Combat
 - Level 1.7 Spellcasting
 - Level 1.7 Transmutations


You had 3 spell levels left.
You knew the following spells:

 Your Spells              Type           Power        Failure   Level  Hunger
e - Beastly Appendage     Tmut           #.....       12%         1    #......


Dungeon Overview and Level Annotations

Branches:
Dungeon (2/15)

Annotations:
D:2 Natasha


Innate Abilities, Weirdness & Mutations

You have an increased reservoir of magic. (+10% MP)
You have claws for feet.


Message History

You swing at nothing.
You swing at nothing.
You swing at nothing.
You swing at nothing.
You swing at nothing.
You swing at nothing.
You swing at nothing.
You swing at nothing.
You swing at nothing.
You swing at nothing.
Wield which item (- for none, * to show all)? (? for menu, Esc to quit)
a - a +0 short sword (weapon)
You see here a dagger.
There is a stone staircase leading down here.
You climb downwards.
There is a stone staircase leading up here.
A bat comes into view.
The bat closely misses you. The bat hits you.
Casting: Beastly Appendage
Confirm with . or Enter, or press ? or * to list all spells.
You grow a pair of large bovine horns.
The bat barely misses you.
You are too injured to fight recklessly!
You are too injured to fight recklessly!
You barely miss the bat. The bat closely misses you.
You hit the bat.
You kill the bat!
Your transformation is almost over.
Your horns disappear.
A frilled lizard comes into view.
The frilled lizard hisses angrily.
Casting: Beastly Appendage
Confirm with . or Enter, or press ? or * to list all spells.
Your feet morph into talons.
You completely miss the frilled lizard. The frilled lizard bites you.
* * * LOW HITPOINT WARNING * * *
You barely miss the frilled lizard. The frilled lizard closely misses you.
You closely miss the frilled lizard. Your kick misses the frilled lizard.
The frilled lizard bites you but does no damage.
You barely miss the frilled lizard.
Your transformation is almost over.
The frilled lizard bites you.
* * * LOW HITPOINT WARNING * * *
You hit the frilled lizard but do no damage.
Your kick misses the frilled lizard. The frilled lizard barely misses you.
The frilled lizard bites you but does no damage.
You hit the frilled lizard.
You kill the frilled lizard!
You have reached level 2!
You see here a frilled lizard corpse.
Your talons disappear.
Found a scroll labeled YGOGEN WALIG.
Magic restored.
Found 20 stones.
Natasha, Servant of Life and Death comes into view.
Natasha moves out of view.
It was a potion of curing.
You feel better.
Unknown command.
Casting: Beastly Appendage
Confirm with . or Enter, or press ? or * to list all spells.
Your feet morph into talons.
Natasha stares at you and mumbles some strange words.
You resist with significant effort.
Okay, then.
Unknown command.
Unknown command.
Natasha claws you.
You closely miss Natasha. You claw Natasha.
Natasha is moderately wounded.
Natasha claws you!
You hit Natasha. Your kick misses Natasha.
Natasha is moderately wounded.
Natasha stares at you and mumbles some strange words.
You feel yourself slow down.
Unknown command.
You hit Natasha. Your kick misses Natasha.
Natasha is heavily wounded.
Natasha casts a spell at you.
You feel as though you will be slow longer.
Natasha claws you.
* * * LOW HITPOINT WARNING * * *
Unknown command.
You barely miss Natasha. Your kick misses Natasha.
Natasha is heavily wounded.
Natasha closely misses you.
Natasha stares at you and mumbles some strange words.
The magic dart hits you!
* * * LOW HITPOINT WARNING * * *
Unknown command.
You miss Natasha.
Natasha is heavily wounded.
Your transformation is almost over.
Natasha misses you.
Unknown command.
You aren't carrying any potions.
Unknown command.
You miss Natasha.
Natasha is heavily wounded.
Natasha claws you.
You die...

....... ....... #
....... # ....... #
....... # .....(. #
......h############
#
.......@..........#
#
####.###########.##
# #.# # #.# #
#########.# #
.......†..# #
#########.##
..........#
.#######.##


You could see Natasha.

Vanquished Creatures
  A giant cockroach (D:1)
  A goblin (D:1)
  4 hobgoblins (D:1)
  2 bats
  A frilled lizard (D:2)
9 creatures vanquished.

Notes
Turn   | Place    | Note
-------+----------+-------------------------------------------
     0 | D:1      | tidbits the Demigod Transmuter began the quest for the Orb.
     0 | D:1      | Reached XP level 1. HP: 15/15 MP: 5/5
   214 | D:1      | Reached skill level 1 in Stealth
   348 | D:2      | Reached XP level 2. HP: 9/22 MP: 5/7
   363 | D:2      | Noticed Natasha
   371 | D:2      | HP: 1/22 [Natasha/magic dart (7)]
   373 | D:2      | Slain by Natasha

Skill      XL: |  1 |
---------------+----+-----
Stealth        | 1 |  1.3
Fighting       | |  0.8
Dodging        | |  1.7
Unarmed Combat | |  2.9
Spellcasting   | |  1.7
Transmutations | |  1.7

Action                   || total
-------------------------++-------
Melee: Short sword       ||    36
       Kick              ||     3
       Headbutt          ||     2
       Punch             ||     1
 Cast: Beastly Appendage ||     8
  Use: Potion            ||     1
Armor: Leather armour    ||    10
Dodge: Dodged            ||    21

Table legend:
 A = Turns spent in this place as a percentage of turns spent in the entire game.
 B = Non-inter-level travel turns spent in this place as a percentage of non-inter-level travel turns spent in the entire game.
 C = Inter-level travel turns spent in this place as a percentage of turns spent in this place.
 D = Turns resting spent in this place as a percentage of non-inter-level travel turns spent in this place.
 E = Turns spent auto-exploring this place as a percentage of non-inter-level travel turns spent in this place.
 F = Non-inter-level travel turns spent in this place divided by the number of levels of this place that you've seen.
                   A       B       C       D       E      F
               +-------+-------+-------+-------+-------+----------------------
         Total | 100.0 | 100.0 |   0.0 |   0.0 |   0.0 | 159.5
       Dungeon | 100.0 | 100.0 |   0.0 |   0.0 |   0.0 | 159.5
               +-------+-------+-------+-------+-------+----------------------

Table legend:
 A = Kills in this place as a percentage of kills in entire the game.
 B = Kills by you in this place as a percentage of kills by you in the entire game.
 C = Kills by friends in this place as a percentage of kills by friends in the entire game.
 D = Other kills in this place as a percentage of other kills in the entire game.
 E = Experience gained in this place as a percentage of experience gained in the entire game.
 F = Experience gained in this place divided by the number of levels of this place that you have seen.
                   A       B       C       D       E      F
               +-------+-------+-------+-------+-------+----------------------
         Total | 100.0 | 100.0 |  -nan |  -nan | 100.0 |   7.5
       Dungeon | 100.0 | 100.0 |  -nan |  -nan | 100.0 |   7.5
               +-------+-------+-------+-------+-------+----------------------

Vault maps used:
D:1:      dpeg_arrival_rooms_c, minmay_octomino_j4
D:2:      kennysheep_generic_room_13, uniq_natasha
